 Dungeon Crawl Stone Soup version 0.30-a0-782-ge64f9170bb (webtiles) character file.

Game seed: 11377954215698784994

92 DavidChitty2 the Poker (level 4, -11/12 (38) HPs)
             Began as a Gnoll Reaver on Mar 8, 2023.
             Killed by divine providence
             ... invoked by an orc priest
              (15 damage)
             ... on level 3 of the Dungeon.
             The game lasted 00:05:22 (2274 turns).

DavidChitty2 the Poker (Gnoll Reaver)               Turns: 2274, Time: 00:05:23

HP:   -11/12 (38)   AC:  3    Str: 14    XL:     4   Next: 60%
MP:   11/11         EV: 12    Int: 12    God:
Gold: 99            SH:  0    Dex: 10    Spells: 12/13 levels left

rFire   . . .      SeeInvis .    b - +0 sling (freeze)
rCold   . . .      Faith    .    (no shield)
rNeg    . . .      Spirit   .    p - +0 leather armour
rPois   .          Reflect  .    (no helmet)
rElec   .          Harm     .    (no cloak)
rCorr   .          Rampage  .    (no gloves)
Will    .....                    (no boots)
Stlth   +                        (no amulet)
HPRegen 0.22/turn                (no ring)
MPRegen 0.12/turn                (no ring)

@: extremely drained
A: fangs 1, strong nose, distributed training
a: no special abilities


You were on level 3 of the Dungeon.
You visited 1 branch of the dungeon, and saw 3 of its levels.

You collected 129 gold pieces.
You spent 30 gold pieces at shops.

Inventory:

Hand Weapons
 a - a +0 spear
 b - a +0 sling of freezing (weapon)
   (You found it on level 1 of the Dungeon)
Missiles
 s - 2 throwing nets {!f}
Armour
 p - a +0 leather armour (worn)
Magical Staves
 e - a staff of fire
   (You found it on level 1 of the Dungeon)
 i - a staff of poison
   (You found it on level 2 of the Dungeon)
Wands
 d - a wand of iceblast (2)
   (You found it on level 3 of the Dungeon)
Scrolls
 f - a scroll of poison {unknown}
 h - 4 scrolls of identify {unknown}
 k - a scroll of immolation {unknown}
 l - a scroll of teleportation {unknown}
 n - a scroll of fear {unknown}
 o - a scroll of enchant weapon {unknown}
 r - a scroll of noise {unknown}
Potions
 c - a potion of mutation {unknown}
 g - a potion of haste {unknown}
 j - 2 potions of curing {@q1}
 m - 2 potions of attraction {unknown}
 q - a potion of degeneration {unknown}


   Skills:
 + Level 4.7 Fighting
 + Level 1.2 Short Blades
 + Level 1.2 Long Blades
 + Level 1.2 Axes
 + Level 1.2 Maces & Flails
 + Level 6.6 Polearms
 + Level 1.2 Staves
 + Level 1.2 Ranged Weapons
 + Level 1.2 Throwing
 + Level 1.2 Armour
 + Level 4.7 Dodging
 + Level 1.2 Stealth
 + Level 1.2 Shields
 + Level 1.2 Unarmed Combat
 + Level 5.1 Spellcasting
 + Level 5.5 Conjurations
 + Level 1.0 Hexes
 + Level 1.0 Summonings
 + Level 1.0 Necromancy
 + Level 1.0 Translocations
 + Level 1.0 Transmutations
 + Level 1.0 Fire Magic
 + Level 1.0 Ice Magic
 + Level 1.0 Air Magic
 + Level 1.0 Earth Magic
 + Level 1.0 Poison Magic
 + Level 1.3 Invocations
 + Level 1.2 Evocations


You had 12 spell levels left.
You knew the following spells:

 Your Spells              Type           Power      Damage    Failure   Level
a - Kiss of Death         Conj/Necr      40%        2d8       6%          1

Your spell library contained the following spells:

 Spells                   Type           Power      Damage    Failure   Level
 Momentum Strike          Conj/Tloc      20%        3d8       10%         2
 Hailstorm                Conj/Ice       10%        3d5       19%         3
 Kindle Blastsparks       Fire/Tloc/Air  10%        2d10      43%         3
 Fulminant Prism          Conj/Hex       5%         3d7       54%         4
 Iskenderun's Mystic Bla  Conj/Tloc      10%        2d4       54%         4
 Manifold Assault         Tloc           5%         N/A       85%         4
 Lee's Rapid Deconstruct  Erth           2%         3d5*      99%         5
 Dispersal                Tloc           2%         N/A       100%        6
 Disjunction              Tloc           2%         N/A       100%        8


Dungeon Overview and Level Annotations

Branches:
Dungeon (3/15)

Altars:

Shops:
D:1 ?[[*   D:2 !


Innate Abilities, Weirdness & Mutations

You have very sharp teeth.
Your uncanny sense of smell can sniff out nearby items.
Your experience applies equally to all skills.


Message History

Aim: an adder (100% to hit)
The negative energy hits the adder!
The adder is drained!
You kill the adder!
You feel drained.
You feel sick.
You start resting.
You feel sick. x4
You are no longer poisoned.
You start resting.
You start resting.
You see here an adder corpse.
An orc priest and an orc come into view.
The orc priest shouts!
The orc shouts!
You hear a shout! x2
An orc comes into view. It is wielding a +0 club.
The orc priest moves out of view.
You shoot a sling bullet.
The sling bullet closely misses the orc.
The sling bullet hits the orc.
The sling bullet freezes the orc.
An orc comes into view. It is wielding a +0 dagger.
You shoot a sling bullet.
The sling bullet closely misses the orc. x2
An orc comes into view. It is wielding a +0 hand axe.
You shoot a sling bullet. The sling bullet hits the orc.
The sling bullet freezes the orc.
The orc barely misses you.
You shoot a sling bullet. The sling bullet hits the orc.
The sling bullet freezes the orc.
The orc hits you from afar with a +0 trident.
You shoot a sling bullet. The sling bullet barely misses the orc.
The orc closely misses you.
You shoot a sling bullet.
The sling bullet closely misses the orc.
The orc hits you but does no damage.
You shoot a sling bullet. The sling bullet hits the orc.
The sling bullet freezes the orc.
You kill the orc!
You shoot a sling bullet. The sling bullet hits the orc.
The sling bullet freezes the orc.
The orc barely misses you. The orc closely misses you.
The orc barely misses you.
You shoot a sling bullet. The sling bullet hits the orc.
The sling bullet freezes the orc.
You kill the orc!
The orc hits you but does no damage.
You shoot a sling bullet.
The sling bullet barely misses the orc priest.
A rat comes into view.
The orc barely misses you.
The orc priest hits you with a +0 trident.
* * * LOW HITPOINT WARNING * * *
The orc priest calls down the wrath of Beogh upon you.
Beogh smites you!
Ouch! That really hurt!
You die...

#......# #......#
#......# #......#
#......# #......#
##### #......#
#roo#### #......#
#..#@...##
#......# #o
####..####......##
.. ##...###.......
.. ###.##..##....
.. #†##..##..<. #
#.....##....
###....###.#
##.#...#.#
#.###...#


You could see an orc priest, an orc and a rat.

Vanquished Creatures
  2 adders (D:3)
  2 worms
  A dart slug (D:3)
  2 orcs (D:3)
  3 ball pythons
  4 endoplasms
  2 giant cockroaches
  9 goblins
  6 hobgoblins
  5 quokkas
  6 bats
  7 frilled lizards
  4 kobolds
  10 rats
63 creatures vanquished.

Notes
Turn   | Place    | Note
-------+----------+-------------------------------------------
     0 | D:1      | DavidChitty2 the Gnoll Reaver began the quest for the Orb.
     0 | D:1      | Reached XP level 1. HP: 20/20 MP: 6/6
    29 | D:1      | Found Jag Oss's Armour Boutique.
   207 | D:1      | Reached XP level 2. HP: 21/24 MP: 7/7
   453 | D:1      | Found Egrauril's Antique Armour Boutique.
   487 | D:1      | Reached skill level 5 in Spellcasting
   487 | D:1      | Reached XP level 3. HP: 27/31 MP: 7/9
   604 | D:1      | Found Hutudgha's Assorted Antiques.
   800 | D:1      | Found Etzillaj's Magic Scroll Shop.
   986 | D:1      | Reached skill level 1 in Invocations
  1251 | D:2      | Found Eruudd's Distillery.
  1256 | D:2      | Bought a potion of curing for 30 gold pieces
  1456 | D:2      | Reached skill level 1 in Short Blades
  1456 | D:2      | Reached skill level 1 in Long Blades
  1456 | D:2      | Reached skill level 1 in Axes
  1456 | D:2      | Reached skill level 1 in Maces & Flails
  1456 | D:2      | Reached skill level 1 in Staves
  1456 | D:2      | Reached skill level 1 in Ranged Weapons
  1456 | D:2      | Reached skill level 1 in Throwing
  1456 | D:2      | Reached skill level 1 in Armour
  1456 | D:2      | Reached skill level 1 in Stealth
  1456 | D:2      | Reached skill level 1 in Shields
  1456 | D:2      | Reached skill level 1 in Unarmed Combat
  1456 | D:2      | Reached skill level 1 in Evocations
  2020 | D:3      | Reached XP level 4. HP: 19/19 MP: 11/11
  2171 | D:3      | Reached skill level 1 in Hexes
  2171 | D:3      | Reached skill level 1 in Summonings
  2171 | D:3      | Reached skill level 1 in Necromancy
  2171 | D:3      | Reached skill level 1 in Translocations
  2171 | D:3      | Reached skill level 1 in Transmutations
  2171 | D:3      | Reached skill level 1 in Fire Magic
  2171 | D:3      | Reached skill level 1 in Ice Magic
  2171 | D:3      | Reached skill level 1 in Air Magic
  2171 | D:3      | Reached skill level 1 in Earth Magic
  2171 | D:3      | Reached skill level 1 in Poison Magic
  2274 | D:3      | Killed from afar by an orc priest

Illustrated notes

Levels and vault maps discovered:
D:1:      spicycebolla_arrival_ecumenical, layout_loops_corners, serial_shops,
          nicolae_shop_statue_plus, shop, nicolae_diamond_shop, shop_fountains,
          hangedman_decor_slide_cut
D:2:      layout_loops_ring, serial_shops, shop_statue
D:3:      layout_rooms, mainiacjoe_overflow_alcove_2, dancing_weapons_uskayaw

Skill      XL: |  1  2  3  4 |
---------------+-------------+-----
Spellcasting   | 5 |  5.1
Invocations    | 1 |  1.3
Short Blades   | 1 |  1.2
Long Blades    | 1 |  1.2
Axes           | 1 |  1.2
Maces & Flails | 1 |  1.2
Staves         | 1 |  1.2
Ranged Weapons | 1 |  1.2
Throwing       | 1 |  1.2
Armour         | 1 |  1.2
Stealth        | 1 |  1.2
Shields        | 1 |  1.2
Unarmed Combat | 1 |  1.2
Evocations     | 1 |  1.2
Hexes          | 1 |  1.0
Summonings     | 1 |  1.0
Necromancy     | 1 |  1.0
Translocations | 1 |  1.0
Transmutations | 1 |  1.0
Fire Magic     | 1 |  1.0
Ice Magic      | 1 |  1.0
Air Magic      | 1 |  1.0
Earth Magic    | 1 |  1.0
Poison Magic   | 1 |  1.0
Fighting       | |  4.7
Polearms       | |  6.6
Dodging        | |  4.7
Conjurations   | |  5.5

Action                     |  1- 3 |  4- 6 || total
---------------------------+-------+-------++-------
  Melee: Spear             |   171 |       ||   171
         Bite              |    10 |       ||    10
         Punch             |     1 |       ||     1
   Fire: Sling             |     7 |    32 ||    39
   Cast: Kiss of Death     |     5 |     2 ||     7
   Stab: Sleeping          |     2 |       ||     2
 Armour: Leather armour    |    17 |     3 ||    20
  Dodge: Dodged            |    59 |     9 ||    68

Table legend: (Time is in decaauts)
 A = Elapsed time spent in this place.
 B = Non-inter-level travel time spent in this place.
 C = Inter-level travel time spent in this place.
 D = Time resting spent in this place.
 E = Time spent auto-exploring this place.
 F = Levels seen in this place.
 G = Mean time per level.
                   A        B        C        D        E       F      G
               +--------+--------+--------+--------+--------+-----+--------+
         Total |   2252 |   2022 |    230 |     59 |   1523 |   3 |  750.7 |
       Dungeon |   2252 |   2022 |    230 |     59 |   1523 |   3 |  750.7 |
               +--------+--------+--------+--------+--------+-----+--------+

Top non-repeatable levels by time:
     D:1: 1090 daAuts
     D:2: 846 daAuts
     D:3: 315 daAuts
